 Dungeon Crawl Stone Soup version bcrawl-1.21.3 (webtiles) character file.

Game seed: 14888175674227057831

133 Flugslaktarn the Sneak (level 4, 0/28 HPs)
             Began as a Skeleton Archaeologist on Mar 28, 2020.
             Slain by a water moccasin (1 damage)
             ... on level 4 of the Dungeon.
             The game lasted 00:02:05 (4282 turns).

Flugslaktarn the Sneak (Skeleton Archaeologist)     Turns: 4282, Time: 00:02:05

Health: 0/28       AC: 16    Str: 17 (19) XL:     4   Next: 93%
Magic:  0/4        EV:  7    Int: 10 (12) God:
Gold:   280        SH:  0    Dex:  7      Spells: 3/3 levels left

rFire    . . .     SeeInvis .   o - -1 war axe (curse)
rCold    + . .     Gourm    .   (no shield)
rNeg     + + +     Faith    .   i - +0 plate armour
rPois    ∞         Spirit   +   c - +1 hat
rElec    .         Reflect  .   l - +0 cloak
rCorr    .         Harm     .   j - +0 pair of gloves (curse)
MR       .....                  d - +1 pair of boots
Stlth    ..........             (no amulet)
HPRegen  0.09/turn              (no ring)
MPRegen  0.09/turn              (no ring)

@: no status effects
A: no food or potions, cold resistance 1, deterioration 1, negative energy
resistance 3, torment resistance, unbreathing, magic shield, sturdy frame 1,
spell healing
a: no special abilities


You were on level 4 of the Dungeon.
You were not hungry.

You visited 1 branch of the dungeon, and saw 4 of its levels.

You collected 280 gold pieces.

Inventory:

Hand Weapons
 a - a +0 whip
 o - a cursed -1 war axe (weapon)
   (You found it on level 3 of the Dungeon)
Armour
 c - a +1 hat (worn)
 d - a +1 pair of boots (worn)
 i - a +0 plate armour (worn)
   (You found it on level 1 of the Dungeon)
 j - a cursed +0 pair of gloves (worn)
   (You found it on level 1 of the Dungeon)
 k - a +2 pair of gloves
   (You found it on level 2 of the Dungeon)
 l - a +0 cloak (worn)
   (You found it on level 3 of the Dungeon)
Scrolls
 b - 2 scrolls of teleportation {unknown}
 e - a scroll of magic mapping
 g - 4 scrolls of remove curse {unknown}
 h - 4 scrolls of identify {unknown}
 m - a scroll of fear {unknown}
 n - a scroll of blinking {unknown}
 p - a scroll of enchant armour {unknown}
Miscellaneous
 f - a dusty tome


   Skills:
 + Level 3.1 Fighting
 * Level 2.1(2.3) Axes
 - Level 1.2(1.9) Maces & Flails
 + Level 3.1 Armour
 - Level 3.0 Dodging
 - Level 3.6 Stealth


You had 3 spell levels left.
You didn't know any spells.
Your spell library was empty.

Dungeon Overview and Level Annotations

Branches:
Dungeon (4/12)
 Temple: D:4-7

Altars:
Makhleb
Xom


Innate Abilities, Weirdness & Mutations

You do not eat or drink.
You are immune to poison.
Your flesh is cold resistant. (rC+)
Your body sometimes deteriorates upon taking damage.
You are immune to negative energy. (rN+++)
You are immune to unholy pain and torment.
You can survive without breathing.
When hurt, damage is shared between your health and your magic reserves.
Your movements are slightly less encumbered by armour. (ER -2)
Casting spells heals you.


Message History

The water moccasin is severely wounded.
The water moccasin bites you but does no damage. x2
You hit the water moccasin but do no damage.
The water moccasin is heavily wounded.
The water moccasin closely misses you.
The water moccasin bites you but does no damage.
You barely miss the water moccasin.
The water moccasin is heavily wounded.
The water moccasin bites you but does no damage.
The water moccasin barely misses you.
You miss the water moccasin.
The water moccasin is heavily wounded.
The water moccasin bites you but does no damage.
You miss the water moccasin.
The water moccasin is heavily wounded.
The water moccasin bites you.
* * * LOW HITPOINT WARNING * * *
Your body deteriorates!
You feel dopey. The water moccasin bites you.
You die...

## ### .. #.#
#.###.#
##......
..>%#.# ....#
#.S# #
#.@#######.##
#..$........#
#.#####.#####
#%#.....#
#.#.###.#
#.#.# #.#
#.#.###.#
#.#...#.#
###.#.#


You could see a water moccasin.

Vanquished Creatures
  An orc wizard (D:3)
  2 adders (D:3)
  A shadow imp (D:3)
  An ooze (D:2)
  A worm (D:2)
  A dart slug (D:1)
  2 leopard geckos
  7 orcs
  2 ball pythons
  2 giant cockroaches (D:1)
  3 goblins
  8 hobgoblins
  3 jackals (D:3)
  6 kobolds
  3 quokkas (D:3)
  6 bats
  6 frilled lizards
  6 rats
61 creatures vanquished.

Notes
Turn   | Place    | Note
-------+----------+-------------------------------------------
     0 | D:1      | Flugslaktarn the Skeleton Archaeologist began the quest for
                  | the Orb.
     0 | D:1      | Reached XP level 1. HP: 12/12 MP: 1/1
   384 | D:1      | Reached skill level 1 in Armour
   442 | D:1      | Reached XP level 2. HP: 16/16 MP: 2/2
  1702 | D:2      | Reached XP level 3. HP: 17/21 MP: 3/3
  2303 | D:2      | Found a burning altar of Makhleb.
  2303 | D:2      | Found a shimmering altar of Xom.
  3533 | D:3      | Reached XP level 4. HP: 26/27 MP: 2/4
  3587 | D:3      | Reached skill level 1 in Axes
  4261 | D:4      | Noticed a water moccasin
  4282 | D:4      | HP: 1/28 [water moccasin (4)]
  4282 | D:4      | Slain by a water moccasin

Skill      XL: |  1  2  3  4 |
---------------+-------------+-----
Armour         | 1 2 3 |  3.1
Fighting       | 2 3 |  3.1
Axes           | 2 |  2.1
Maces & Flails | |  1.2
Dodging        | |  3.0
Stealth        | |  3.6

Action                   |  1- 3 |  4- 6 || total
-------------------------+-------+-------++-------
Melee: Whip              |   276 |       ||   276
       War axe           |    13 |   103 ||   116
Armor: Plate armour      |   218 |    87 ||   305
Dodge: Dodged            |   119 |    48 ||   167
